Cogmind - Beta 13 @@@ ROGUE MODE // 2024.06.10 @ 01:55:44 Player: Jelly Donuts Result: Destroyed self with Mini Grenade Launcher Performance ------------- Evolutions (2) 1000 Regions Visited (5) 1000 Robots Destroyed (80) 400 Value Destroyed (1748) 1748 Prototype IDs (0) 0 Alien Tech Used (0) 0 Bonus (361) 361 TOTAL SCORE: 4509 Bonus ------- High Alert Combat Kills 161 Entered Garrisons 200 Cogmind --------- Core Integrity 0/550 Matter 81/300 Energy 99/100 System Corruption 1% Temperature Cool (0) Movement Core (150) Ox2 Location -8/Garrison Parts ------- > --- POWER (2) -------- (None) > --- PROPULSION (2) --- (None) > --- UTILITY (4) ------ Signal Interpreter Advanced Targeting Computer Hacking Suite > --- WEAPON (3) ------- High-powered Shotgun Mini Grenade Launcher Axe > --- INVENTORY (5) ---- Carbon-fiber Leg Peak State ------------ > --- POWER ------------ Light Deuterium Engine Light Nuclear Core > --- PROPULSION ------- Wheel Compact Wheel > --- UTILITY ---------- Signal Interpreter Advanced Targeting Computer Reflective Plating Hacking Suite > --- WEAPON ----------- Assault Cannon Mini Grenade Launcher Axe > --- INVENTORY -------- High-powered Shotgun [Rating: 26] Favorites ----------- Power Light Ion Engine Engine Light Ion Engine Power Core Light Nuclear Core Propulsion Compact Wheel Treads Light Treads Wheel Compact Wheel Hover Unit Hover Unit Flight Unit Flight Unit Utility Signal Interpreter Device Improved Terrain Scanner Storage Small Storage Unit Processor Signal Interpreter Hackware Hacking Suite Protection Reflective Plating Weapon Assault Cannon Energy Gun EM Pulse Gun Ballistic Gun Light Assault Rifle Ballistic Cannon Assault Cannon Launcher Mini Grenade Launcher Special Weapon Mining Laser Slashing Weapon Axe Build | -11 -10 -10 -9 -8 -8 ------- Run | Yrd Mat Min Mat Mat Gar Slots Evolved 4 | . . . 2 2 . Power 1 | . . . . 1 . Propulsion . | . . . . . . Utility 2 | . . . 1 1 . Weapon 1 | . . . 1 . . Parts Attached 74 | 9 10 16 27 11 1 Power 13 | 1 3 3 3 3 . Engine 11 | 1 3 3 3 1 . Core 2 | . . . . 2 . Reactor . | . . . . . . Propulsion 21 | 4 4 5 6 2 . Treads 2 | 2 . . . . . Leg . | . . . . . . Wheel 9 | 2 2 . 3 2 . Hover 2 | . 2 . . . . Flight 8 | . . 5 3 . . Utility 14 | 2 2 2 5 3 . Device 7 | 1 1 2 2 1 . Storage 1 | 1 . . . . . Processor 2 | . 1 . . 1 . Hackware 1 | . . . 1 . . Protection 3 | . . . 2 1 . Artifact . | . . . . . . Weapon 26 | 2 1 6 13 3 1 Energy Gun 1 | 1 . . . . . Energy Cannon . | . . . . . . Ballistic Gun 12 | 1 . 5 5 . 1 Ballistic Cannon 7 | . 1 . 5 1 . Launcher 4 | . . . 3 1 . Special Weapon 1 | . . 1 . . . Impact Weapon . | . . . . . . Slashing Weapon 1 | . . . . 1 . Piercing Weapon . | . . . . . . Special Melee Weapon . | . . . . . . Unidentified Prototypes . | . . . . . . Parts Lost 22 | . 4 . 5 7 6 Power 6 | . 1 . 1 2 2 Propulsion 9 | . 2 . 3 2 2 Utility 1 | . . . . . 1 Weapon 6 | . 1 . 1 3 1 Highest Loss Streak 7 | . 3 . 4 7 6 To Critical Strikes 2 | . . . 1 1 . Average Slot Usage (%) 93 | . 95 99 93 79 91 Engine 11 | . 13 14 10 7 7 Core 1 | . . . . 5 6 Treads 3 | . 18 . . . . Wheel 11 | . 2 4 17 15 16 Flight 7 | . . 23 3 . . Device 10 | . 23 14 6 4 . Processor 10 | . . 14 11 11 18 Hackware 5 | . . . 8 9 9 Protection 1 | . . . 2 2 7 Ballistic Gun 11 | . 14 24 8 . . Ballistic Cannon 12 | . 7 2 21 13 7 Launcher 3 | . . . 3 9 9 Naked Turns . | . . . . . . Heaviest Build 26 | 14 14 10 23 26 23 Greatest Support 40 | 40 40 32 32 26 26 Greatest Overweight (x) 8 | . 3 1 1 8 . Average Overweight (x) . | . . . . . . Largest Inventory Capacity 8 | 8 8 5 5 5 5 Average Capacity 5 | 7 5 5 5 5 5 Most Carried 5 | 2 5 5 5 5 2 Average Carried 3 | . 2 4 4 3 1 Final Capacity 8 | 8 5 5 5 5 5 Final Carried 5 | . 4 4 5 1 1 Class Distribution -------------------- 35% | Scavenger-Mutant 24% | Scavenger-Skirmisher 23% | Mutant 6% | Scavenger-Tank 5% | Scavenger-Sprinter 3% | Scavenger-Gunner Dominant Class ---------------- Mutant | -10/Materials Scavenger-Mutant | -10/Mines Scavenger-Skirmisher | -9/Materials Scavenger-Skirmisher | -8/Materials Scavenger-Mutant | -8/Garrison Resources | -11 -10 -10 -9 -8 -8 ----------- Run | Yrd Mat Min Mat Mat Gar Matter Collected 1668 | 297 183 198 681 258 51 Remotely . | . . . . . . Salvage Created 1730 | 134 381 71 676 417 51 Parts 144 | 4 29 14 67 29 1 Haulers Intercepted 1 | . . . 1 . . Recyclers Shooed 3 | . 2 . 1 . . Parts Field Recycled . | . . . . . . Retrieved Matter . | . . . . . . Parts Self-Destructed . | . . . . . . Prevented . | . . . . . . Kills | -11 -10 -10 -9 -8 -8 ------- Run | Yrd Mat Min Mat Mat Gar Combat Hostiles Destroyed 55 | . 9 6 22 17 1 Melee 1 | . . . . . 1 Guns 8 | . 2 3 3 . . Cannons 24 | . 5 3 15 1 . AOE 22 | . 2 . 4 16 . Classes Destroyed 13 | 2 5 . 5 1 . Worker 2 | . 2 . . . . Builder 5 | . . . 4 1 . Tunneler 3 | 2 . 1 . . . Hauler 1 | . . . 1 . . Recycler 4 | 1 1 . 1 1 . Operator 4 | . 2 . 1 1 . Watcher 6 | . 3 . 3 . . Swarmer 27 | . 3 6 11 7 . Grunt 17 | . 6 . 5 6 . Brawler 1 | . . . 1 . . Duelist 1 | . . . 1 . . Sentry 7 | . . . 4 3 . Hunter 2 | . . . . 1 1 Best Kill Streak 15 | 3 5 3 7 15 1 Combat Bots Only 13 | . 3 3 5 13 1 Max Kills in Single Turn 5 | 1 2 1 5 4 1 Gunslinging . | . . . . . . Exploded 4 | . 1 . 4 4 . Melee 1 | . . . . . 1 Uniques/NPCs Destroyed . | . . . . . . Combat | -11 -10 -10 -9 -8 -8 -------- Run | Yrd Mat Min Mat Mat Gar Hostile Shots Fired 272 | . 81 9 85 51 46 Missed 65 | . 27 1 27 8 2 Damage Taken 3151 | 6 654 62 857 739 833 Core 822 | 6 129 10 107 221 349 Absorbed by Shields . | . . . . . . Ignored by Resistances 30 | . . . . 18 12 Regen/Repaired (Parts) 162 | . . . 162 . . Core Remaining (%) 70 | 97 . 42 73 . . Volleys Fired 163 | 7 55 11 65 18 7 Largest 3 | 2 2 2 3 2 2 Hottest 132 | 60 60 100 132 88 55 Shots Fired 338 | 14 97 18 181 20 8 Gun 161 | 14 63 11 66 . 7 Cannon 155 | . 34 3 111 7 . Launcher 18 | . . . 4 13 1 Special 4 | . . 4 . . . Kinetic 301 | 7 89 14 177 7 7 Thermal 4 | . . 4 . . . Explosive 18 | . . . 4 13 1 Electromagnetic 15 | 7 8 . . . . Robot Hit Streak 7 | 5 6 7 7 7 7 Robot Miss Streak 7 | 2 4 2 7 3 1 Penetration Max . | . . . . . . Secondary Targets 1 | . . 1 . . . Max Gunslinging Chain 1 | . . 1 . . . Shots Hit Robots 186 | 9 57 11 74 14 21 Core Hits 132 | 5 32 10 47 34 4 Critical Kills 1 | . . . 1 . . Critical Parts Destroyed . | . . . . . . Critical Strikes 6 | . 2 . 3 . 1 Destroy 1 | . . . 1 . . Blast 2 | . . . 2 . . Corrupt 2 | . 2 . . . . Sever 1 | . . . . . 1 Melee Attacks 20 | . . . . . 20 Impact . | . . . . . . Slashing 20 | . . . . . 20 Piercing . | . . . . . . Sneak Attacks . | . . . . . . Combat Hostiles . | . . . . . . Follow-up Attacks . | . . . . . . Damage Inflicted 5480 | 158 1151 155 1931 1467 618 Guns 931 | 98 379 49 284 . 121 Cannons 1768 | . 380 58 1280 50 . Explosions 2269 | 60 392 . 367 1403 47 Melee 450 | . . . . . 450 Ramming 14 | . . . . 14 . Kinetic 2524 | 29 653 107 1564 50 121 Thermal 318 | 60 210 48 . . . Explosive 1999 | . 182 . 367 1403 47 Electromagnetic 175 | 69 106 . . . . Impact . | . . . . . . Slashing 450 | . . . . . 450 Piercing . | . . . . . . Highest Corruption 8 | . . . 8 1 1 Average Corruption 5 | . . . 8 1 1 Corruption Purged . | . . . . . . Corruption Blocked . | . . . . . . Effects 26 | . . . 22 3 1 Message Errors 8 | . . . 7 1 . Matter Fused 5 | . . . 4 . 1 Heat Flow Errors 3 | . . . 2 1 . Energy Discharges 3 | . . . 3 . . Parts Rejected 1 | . . . . 1 . Data Loss (minor) 3 | . . . 3 . . Data Loss (major) 1 | . . . 1 . . Misfires 1 | . . . 1 . . Weapon Failures 1 | . . . 1 . . Overload Shots . | . . . . . . Overflow Damage 144 | 4 23 . 36 81 . Projectiles 59 | . 23 . 36 . . Explosions 85 | 4 . . . 81 . Melee . | . . . . . . Knockbacks 21 | . 6 . 15 . . Impact . | . . . . . . Kinetic 21 | . 6 . 15 . . Secondary . | . . . . . . Self-Inflicted Damage 404 | 6 77 . 72 200 49 Shots 10 | 1 1 . 2 5 1 Rammed 3 | . . . . 3 . Targets Rammed 3 | . . . . 3 . Kicked . | . . . . . . Crushed . | . . . . . . Highest Temperature 367 | 32 113 112 367 144 8 Average Temperature 98 | 17 37 37 141 24 8 Received Heat Transfer 861 | . 264 . 57 297 243 Effects 2 | . . . 2 . . Energy Bleed 1 | . . . 1 . . Interference 1 | . . . 1 . . Siege Activations . | . . . . . . Robots Corrupted . | . . . . . . Combat Hostiles . | . . . . . . Parts Fried 1 | 1 . . . . . Impact Corruptions . | . . . . . . Robots Melted . | . . . . . . Combat Hostiles . | . . . . . . Parts Melted . | . . . . . . Heat Transferred 400 | 50 250 100 . . . Parts Sabotaged . | . . . . . . Parts Stolen . | . . . . . . Parts Stripped . | . . . . . . Power Chain Reactions 3 | 1 2 . . . . Alert | -11 -10 -10 -9 -8 -8 ------- Run | Yrd Mat Min Mat Mat Gar Peak Influence 742 | 15 390 297 463 742 532 Initial 487 | . 9 151 37 195 487 Average 264 | 6 209 179 299 371 498 Maximum Alert Level 3 | . 1 1 2 3 2 Low Security (%) 32 | 100 47 47 22 . . Level 1 48 | . 52 52 58 63 . Level 2 17 | . . . 18 27 100 Level 3 . | . . . . 8 . Level 4 . | . . . . . . Level 5 . | . . . . . . High Security . | . . . . . . Max Security . | . . . . . . Squads Dispatched 6 | . 3 . . 3 . Investigation 3 | . 2 . . 1 . Extermination . | . . . . . . Reinforcement 3 | . 1 . . 2 . Assault . | . . . . . . Garrison . | . . . . . . Intercept . | . . . . . . Searches Triggered . | . . . . . . Construction Impeded . | . . . . . . Haulers Reinforced . | . . . . . . Active Scanning Responses . | . . . . . . Cargo Convoy Interrupts . | . . . . . . Stealth | -11 -10 -10 -9 -8 -8 --------- Run | Yrd Mat Min Mat Mat Gar Distress Signals 7 | . 1 . 5 1 . Communications Jammed . | . . . . . . Distress Signals . | . . . . . . Times Spotted 82 | . 19 6 36 19 2 Peak Tracking Total 13 | . 6 3 7 13 1 Tactical Retreats 2 | . 2 . . . . Traps | -11 -10 -10 -9 -8 -8 ------- Run | Yrd Mat Min Mat Mat Gar Traps Triggered 1 | . . . 1 . . Indirectly . | . . . . . . Trap Hack Attempts . | . . . . . . Triggered . | . . . . . . Disarmed . | . . . . . . Reprogrammed . | . . . . . . Reused . | . . . . . . Traps Extracted . | . . . . . . Installed . | . . . . . . Triggered . | . . . . . . Machines | -11 -10 -10 -9 -8 -8 ---------- Run | Yrd Mat Min Mat Mat Gar Machines Disabled 8 | . 2 . 3 3 . Max in Single Turn 1 | . 1 . 1 1 . Machines Repaired . | . . . . . . Machines Dismantled . | . . . . . . Machines Sabotaged . | . . . . . . Overloaded Fab Kills . | . . . . . . Hacking | -11 -10 -10 -9 -8 -8 --------- Run | Yrd Mat Min Mat Mat Gar Machines Accessed 13 | . 4 . 6 3 . Terminals 7 | . 3 . 3 1 . Fabricators . | . . . . . . Repair Stations 2 | . . . 2 . . Recycling Units 2 | . 1 . 1 . . Scanalyzers 1 | . . . . 1 . Garrison Access 1 | . . . . 1 . Total Hacks 51 | . 13 . 21 17 . Successful 40 | . 7 . 17 16 . Failed 11 | . 6 . 4 1 . Catastrophic 2 | . 2 . . . . Database Lockouts . | . . . . . . Manual 2 | . . . . 2 . Terminals 23 | . 10 . 10 3 . Fabricators . | . . . . . . Repair Stations 8 | . . . 8 . . Recycling Units 6 | . 3 . 3 . . Scanalyzers 12 | . . . . 12 . Garrison Access 2 | . . . . 2 . Terminal Hacks 15 | . 5 . 7 3 . Record 1 | . . . 1 . . Robot Analysis 1 | . 1 . . . . Branch Access Points 1 | . . . . 1 . Alert Level 4 | . 1 . 2 1 . Locate Traps 1 | . 1 . . . . Dispatch Records 1 | . 1 . . . . Maintenance Status 1 | . . . 1 . . Patrol Status 1 | . 1 . . . . Investigation Status 2 | . . . 1 1 . Reinforcement Status 1 | . . . 1 . . Registered Components 1 | . . . 1 . . Fabricator Hacks . | . . . . . . Repair Station Hacks 7 | . . . 7 . . Scan Component 4 | . . . 4 . . Repair 3 | . . . 3 . . Recycling Unit Hacks 5 | . 2 . 3 . . Process 1 | . . . 1 . . Report Inventory 2 | . 1 . 1 . . Retrieve Matter 2 | . 1 . 1 . . Scanalyzer 11 | . . . . 11 . Insert Component 5 | . . . . 5 . Analyze 6 | . . . . 6 . Garrison Access Hacks 2 | . . . . 2 . Unlock Access 1 | . . . . 1 . Coupler Status 1 | . . . . 1 . Unauthorized Hacks . | . . . . . . Terminals . | . . . . . . Fabricators . | . . . . . . Repair Stations . | . . . . . . Recycling Units . | . . . . . . Scanalyzers . | . . . . . . Garrison Access . | . . . . . . Data Cores Recovered 2 | . 1 . 1 . . Used . | . . . . . . Hacking Detections 11 | . 3 . 5 3 . Full Trace Events 5 | . 2 . 1 2 . Feedback Events 1 | . . . . 1 . Corruption 1 | . . . . 1 . Feedback Blocked . | . . . . . . Robot Schematics Acquired . | . . . . . . Robots Built . | . . . . . . Authchips . | . . . . . . Time . | . . . . . . Total Robot Build Rating . | . . . . . . Part Schematics Acquired 5 | . . . . 5 . Parts Built . | . . . . . . Authchips . | . . . . . . Time . | . . . . . . Total Part Build Rating . | . . . . . . Parts Repaired 3 | . . . 3 . . Time 96 | . . . 96 . . Parts Recycled . | . . . . . . Recycled Matter 33 | . . . 33 . . Retrieved Matter 87 | . 54 . 33 . . Retrieved Components . | . . . . . . Parts Scanalyzed 5 | . . . . 5 . Part Schematics Acquired 5 | . . . . 5 . Parts Damaged . | . . . . . . Bothacking | -11 -10 -10 -9 -8 -8 ------------ Run | Yrd Mat Min Mat Mat Gar Used RIF Installer . | . . . . . . Robots Hacked . | . . . . . . Non-combat . | . . . . . . Combat . | . . . . . . Robot Hacks Applied . | . . . . . . Relay Couplers Released . | . . . . . . Fabnet Peak Effective % . | . . . . . . Robots Rewired . | . . . . . . Allies Hacked . | . . . . . . Hacks Repelled . | . . . . . . Allies | -11 -10 -10 -9 -8 -8 -------- Run | Yrd Mat Min Mat Mat Gar Total Allies 1 | . . 1 . . . Largest Group 1 | . . 1 1 . . Highest-Rated Group 31 | . . 31 31 . . Highest-Rated Ally 31 | . . 31 31 . . Total Orders . | . . . . . . Ally Attacks . | . . . . . . Total Damage . | . . . . . . Kills . | . . . . . . Allies Corrupted . | . . . . . . Allies Melted . | . . . . . . Intel | -11 -10 -10 -9 -8 -8 ------- Run | Yrd Mat Min Mat Mat Gar Robot Analysis Total 1 | . 1 . . . . Derelict Logs Recovered 1 | . . 1 . . . Drone Launches . | . . . . . . Drone Recoveries . | . . . . . . Exploration | -11 -10 -10 -9 -8 -8 ------------- Run | Yrd Mat Min Mat Mat Gar Turns Passed 2546 | 152 398 585 921 288 202 Spaces Moved 2138 | 75 166 888 678 184 147 Core 27 | 4 9 . . 14 . Treads 169 | 66 103 . . . . Legs . | . . . . . . Wheels 920 | 5 31 92 475 170 147 Hover 23 | . 23 . . . . Flight 999 | . . 796 203 . . Fastest Speed 32 | 50 56 37 32 50 90 Average Speed 73 | 150 140 44 79 89 90 Slowest Speed 450 | 160 200 117 115 450 90 Overloaded Moves . | . . . . . . Propulsion Burnouts . | . . . . . . Robots Hopped 11 | . . 10 1 . . Cave-ins Triggered 1 | . . . 1 . . Exploration Rate (%) 38 | 5 36 94 46 19 29 Regions Visited 5 Branch Regions 1 Pre-discovered Areas . | . . . . . . Known Exits Taken 4 | . 1 1 1 1 . Unknown Exits Taken 1 | 1 . . . . . Scrap Searched 1 | . . 1 . . . Spaces Dug . | . . . . . . Terrain Destroyed 169 | 2 21 1 54 91 . Melee . | . . . . . . Projectile 26 | . . 1 24 1 . AOE 143 | 2 21 . 30 90 . Terrain Rammed . | . . . . . . Walls Destroyed . | . . . . . . Machines Disabled . | . . . . . . Actions | -11 -10 -10 -9 -8 -8 --------- Run | Yrd Mat Min Mat Mat Gar Total 2779 | 103 242 1048 928 282 176 Wait 291 | . . 113 119 59 . Move 2112 | 74 165 867 675 184 147 Hop 11 | . . 10 1 . . Pick Up 68 | 10 10 15 25 7 1 Fast Attach . | . . . . . . Attach 41 | 9 4 3 13 11 1 Detach 2 | . . 1 1 . . Swap 33 | . 6 13 14 . . Drop 35 | 3 2 15 15 . . Fire 163 | 7 55 11 65 18 7 Melee 20 | . . . . . 20 Ram 3 | . . . . 3 . Kick . | . . . . . . Crush . | . . . . . . Escape Stasis . | . . . . . . Rewire . | . . . . . . Trap . | . . . . . . Miscellaneous . | . . . . . . Route ------- -11/Scrapyard -10/Materials -10/Mines (discovered 2 exits: *Mat x2) -9/Materials (discovered 2 exits: *Mat x2) -8/Materials -8/Garrison History --------- Turn | Location | Event 4 | -11/Scrapyard | Discovered new exit (range 16) 153 | -11/Scrapyard | Entered Materials 304 | -10/Materials | Build established: Mutant 368 | -10/Materials | Discovered new exit (range 13) 484 | -10/Materials | Core integrity fell below 50% 512 | -10/Materials | Lost 3 parts (1p2n) 551 | -10/Materials | Identified exit to Mines 551 | -10/Materials | Entered Mines 719 | -10/Mines | Identified exit to Materials 826 | -10/Mines | Discovered exit to Materials (range 6) 845 | -10/Mines | Build established: Scavenger-Mutant 920 | -10/Mines | Received a Mining Laser from a helpful Derelict 1136 | -10/Mines | Entered Materials 1136 | -9/Materials | Accompanied by 1 ally 1136 | -9/Materials | Evolved 2 slots: Utility x1, Weapon x1 1299 | -9/Materials | Crushed by falling debris 1330 | -9/Materials | Lost 4 parts (1p2n1w) 1428 | -9/Materials | Repaired Assault Cannon 1456 | -9/Materials | Repaired Lgt. Ion Engine 1822 | -9/Materials | Build established: Scavenger-Skirmisher 1877 | -9/Materials | Discovered new exit (range 5) 1880 | -9/Materials | Identified exit to Materials 1960 | -9/Materials | Repaired Mni. Grenade Launcher 2038 | -9/Materials | Discovered exit to Materials (range 9) 2057 | -9/Materials | Entered another Materials area 2057 | -8/Materials | Evolved 2 slots: Power x1, Utility x1 2274 | -8/Materials | Lost 7 parts (2p2n3w) 2288 | -8/Materials | Destroyed 13 combat bots 2345 | -8/Materials | Identified exit to Garrison 2345 | -8/Materials | Entered Garrison 2393 | -8/Garrison | Triggered checkpoint 2485 | -8/Garrison | Triggered checkpoint 2499 | -8/Garrison | Core integrity fell below 50% 2535 | -8/Garrison | Core integrity fell below 20% 2547 | -8/Garrison | Destroyed self with Mini Grenade Launcher Last Messages --------------- Slug penetrates Reinforced Barrier. Penetrated by Slug. Machine disabled. Penetrated by Slug. System corrupted: Matter fused (-8). Penetrated by Slug. Reflective Plating destroyed. X-62 Marksman Imp. Carbon-fiber Leg severed. Penetrated by Slug. Lgt. Deuterium Engine destroyed. Penetrated by Slug. Critical hit (Burn: +37). Assault Cannon destroyed. Wheel destroyed. Penetrated by Slug. Com. Wheel destroyed. Critical hit (Burn: +37). Penetrated by Slug. Critical hit (Burn: +37). Penetrated by Slug. Map ----- +----------------------------------------------------+ | ?????????????????????????????????????????????????? | | ?????????????????????????????????????????????????? | | ?????????????????????????????????????????????????? | | ?????????????????????????????????????????????????? | | ?????????????????????????????????????????????????? | | ?????????????????????????????????????????????????? | | ?????????????????????????????????????????????????? | | ?????????????????????????????????????????????????? | | ?????????????????????????????????????????????????? | | ?????????????????????????????????????????????????? | | ?????????????????????????????????????????????????? | | ?????????????????????????????????????????????????? | | ?????????????????????????????????????????????????? | | ?????????????????????????????????????????????????? | | ?????????????????? ????????????????????????????? | | ?????????????????# #???????????????????????????? | | ?????????????????# #???????????????????????????? | | ?????????????????# #????####???????????????????? | | ?????????????????# #????# ???????????????????? | | ?????????????????# #????# ????????????????????? | | ?????????????????# #????# "????????????????????? | | ?????????????????# #????# #????????????????????? | | ?????????????????# #????# #????????????????????? | | ?????????????????# #??### #????????????????????? | | ?????????????????# #### ######???????????????? | | ?????????????????# # x@ #???????????????? | | ?????????????????# #### ##"T"#???????????????? | | ?????????????????# #??### #????????????????????? | | ????????????###### ###### #????????????????????? | | ????????????# #????????????????????? | | ????????????# #### ########????????????????????? | | ????????????# #??# #???????????????????????????? | | ????????????# #??# #???????????????????????????? | | ????????????# #??# #???????????????????????????? | | ????????????# #??# #???????????????????????????? | | ""########### #### #???????????????????????????? | | #???????????????????????????? | | #???????????????????????????? | | #???????????????????????????? | | ## ###############???????????????????????????? | | ## ###???????????????????????????????????????? | | #???????????????????????????????????????? | | #???????????????????????????????????????? | | #???????????????????????????????????????? | | #???????????????????????????????????????? | | ## ###???????????????????????????????????????? | | ## ##########????????????????????????????????? | | #????????????????????????????????? | | #????????????????????????????????? | | ####### #????????????????????????????????? | +----------------------------------------------------+ Best States ------------- Heat Dissipation 31 Energy Generation 23 Energy Capacity 405 Matter Stores 300 Matter Capacity 300 Sight Range 16 Robot Scan Range 15 Terrain Scan Range 16 Terrain Scan Density 10 ECM Strength 1 Armor Coverage 150 Resistance: TH 10 Evasion (%) 63 Targeting Accuracy 8 Recoil Reduction 2 Offensive Hacking 10 Item Schematics ----------------- Mni. Grenade Launcher | -8/Materials | Scanalyzed Reflective Plating | -8/Materials | Scanalyzed Hpw. Shotgun | -8/Materials | Scanalyzed Com. Wheel | -8/Materials | Scanalyzed Assault Cannon | -8/Materials | Scanalyzed Robot Schematics ------------------ None Fabricated ------------ Nothing Alien Tech Used ----------------- None Achievements -------------- Let's See Who's Tougher Oops Unlikely Earthworm Challenges ------------ None Game ------ Seed OmegaMissileBoregun Manual? 0 Play Time 01:03:13 Cumulative 8.8 hours Start 2024.06.10 @ 00:51:40 End 2024.06.10 @ 01:55:44 Sessions 1 Manual Loads 0 Difficulty Rogue Special Mode None Game No. 7 Rogue 7 Adventurer 0 Explorer 0 Win Type - Total 0 Types 0/0/0/0/0/0/0/0/0 Lore% 14 Gallery% 10 Achievement% 10 Wizard Run 0 Options --------- Layout 1 ASCII 0 Keyboard 0 Movement Numpad Keybinds 0 Fullscreen 1 Font 24/Smallcaps Map View 50x35 Zoom Use 0% Tactical HUD 0 Map Filters NONE Filters NONE Steam 1 RUN: d6e9f9b1-5892-496e-946f-b71976635555